 Dungeon Crawl Stone Soup version bcrawl-1.39.1 (webtiles) character file.

Game seed: 1017973727664007040

250532 pheathergobbo575 the Spear-Bearer (level 9, -1/70 HPs)
             Began as a Minotaur Fighter on Aug 16, 2023.
             Was a Priest of Okawaru.
             Slain by a hippogriff (4 damage)
             ... on level 1 of the Lair of Beasts.
             The game lasted 00:09:27 (6999 turns).

pheathergobbo575 the Spear-Bearer (MiFi)            Turns: 6999, Time: 00:09:27

Health: -1/70      AC: 11    Str: 23    XL:     9   Next: 28%
Magic:  8/8        EV:  6    Int:  5    God:    Okawaru [***...]
Gold:   460        SH:  9    Dex: 11    Spells: 8/8 levels left

rFire    . . .     GDR:     26% a - +0 trident
rCold    . . .     SeeInvis .   c - +0 medium shield
rNeg     . . .     Gourm    .   m - +0 chain mail
rPois    +         Faith    .   (helmet restricted)
rElec    +         Spirit   .   (no cloak)
rCorr    .         Reflect  .   q - +0 pair of gloves
MR       .....                  v - +0 pair of boots of Tuiphile {*Drain rElec rPois}
Stlth    ..........             (no amulet)
HPRegen  0.21/turn              b - +3 ring of evasion
MPRegen  0.11/turn              h - ring of wizardry

@: no status effects
A: retaliatory headbutt, horns 2, talons 1, high mp 1, MP-powered wands
a: Heroism, Renounce Religion


You were on level 1 of the Lair of Beasts.
You worshipped Okawaru.
Okawaru was most pleased with you.
You were hungry.

You visited 3 branches of the dungeon, and saw 9 of its levels.

You collected 460 gold pieces.

Inventory:

Hand Weapons
 a - a +0 trident (weapon)
 r - a +0 halberd
Missiles
 k - a throwing net {=f}
Armour
 c - a +0 medium shield (worn)
 m - a +0 chain mail (worn)
 q - a +0 pair of gloves (worn)
 v - the +0 pair of boots of Tuiphile (worn) {*Drain rElec rPois}
   (You found it on level 7 of the Dungeon)

   It insulates you from electricity.
   It protects you from poison.
   It causes draining when unequipped.
Jewellery
 b - a +3 ring of evasion (left hand)
 h - a ring of wizardry (right hand)
Wands
 x - a wand of iceblast (13)
 B - a wand of disintegration (15)
Scrolls
 f - 4 scrolls of teleportation
 i - 9 scrolls of identify
 l - a scroll of blinking {unknown}
 o - 4 scrolls of enchant weapon {unknown}
 s - 4 scrolls of remove curse {unknown}
 t - a scroll of immolation {unknown}
 u - a scroll of noise {unknown}
Potions
 d - 3 potions of might
 n - 2 potions of invisibility
Comestibles
 p - 12 rations {!d}


   Skills:
 + Level 3.6 Fighting
 - Level 14.4 Polearms
 + Level 3.6 Armour
 - Level 3.6 Shields


You had 8 spell levels left.
You didn't know any spells.
Your spell library was empty.

Dungeon Overview and Level Annotations

Branches:
Dungeon (7/12)             Temple (1/1) D:7            Lair (1/6) D:7

Altars:
Gozag
Okawaru
Xom
Yredelemnul


Innate Abilities, Weirdness & Mutations

You reflexively headbutt those who attack you in melee.
You have a pair of horns on your head.
You have sharp toenails.
You have an increased reservoir of magic. (+10% MP)
You expend magic power (3 MP) to strengthen your wands.


Message History

You hit the hippogriff but do no damage.
Your headbutt misses the hippogriff.
The hippogriff is heavily wounded.
The hippogriff bites you!
* * * LOW HITPOINT WARNING * * *
You block the hippogriff's attack. The hippogriff claws you.
* * * LOW HITPOINT WARNING * * *
You barely miss the hippogriff. You headbutt the hippogriff.
The hippogriff is severely wounded.
Okay, then.
Your chain mail prevents you from hitting the hippogriff.
You headbutt the hippogriff!
The hippogriff is almost dead.
The hippogriff bites you.
* * * LOW HITPOINT WARNING * * *
You block the hippogriff's attack. The hippogriff barely misses you.
You hit the hippogriff but do no damage.
The hippogriff is almost dead.
The hippogriff closely misses you. The hippogriff pecks you.
You die...

##* ###.##### ####
#.......####.P#
#.......'....#*#########
#.......P##..###.......#
P.......####..##.......#
+.......# #...'.......#
#.......# ###.PH......#
#.......# ###@......#
#.......## #.......#
##.#.#+#.# ###.#+###
####..### **#..* **#..#
*,*.## #...## *,,,#
*#.###** *,,** *#.+,,*,*
******,** #..,,,,,**
*,,**,,,*******


You could see a hippogriff.

Vanquished Creatures
  Joseph (D:7)
  Edmund (D:5)
  3 ice beasts
  A phantom (D:2)
  3 ogres
  A bullfrog (D:7)
  A centaur (D:7)
  4 wights (D:6)
  3 orc priests
  3 crimson imps
  5 jellies
  5 hounds
  A bullfrog skeleton (D:4)
  6 orc wizards
  2 worker ants
  2 iguanas
  A hound zombie (D:5)
  A howler monkey zombie (D:6)
  7 gnolls
  5 adders
  2 shadow imps (D:6)
  2 adder skeletons
  3 worms
  A dart slug (D:2)
  4 leopard geckos
  20 orcs
  4 giant cockroaches
  6 goblins
  8 hobgoblins
  14 jackals
  9 kobolds
  A quokka (D:2)
  4 bats
  A frilled lizard (D:2)
  7 rats
142 creatures vanquished.

Vanquished Creatures (others)
  An orc priest (D:7)
  3 plants (D:7)
4 creatures vanquished.

Grand Total: 146 creatures vanquished

Notes
Turn   | Place    | Note
-------+----------+-------------------------------------------
     0 | D:1      | pheathergobbo575 the Minotaur Fighter began the quest for
                  | the Orb.
     0 | D:1      | Reached XP level 1. HP: 19/19 MP: 0/0
   242 | D:1      | Reached skill level 3 in Polearms
   314 | D:1      | Reached XP level 2. HP: 26/26 MP: 1/1
   575 | D:1      | Reached skill level 4 in Polearms
   719 | D:1      | Reached XP level 3. HP: 31/31 MP: 2/2
   856 | D:1      | Found a basalt altar of Yredelemnul.
   915 | D:2      | Noticed a phantom
  1135 | D:2      | Reached skill level 5 in Polearms
  1270 | D:2      | Reached XP level 4. HP: 38/39 MP: 3/3
  1354 | D:2      | Killed a phantom
  1355 | D:2      | Reached skill level 6 in Polearms
  1355 | D:2      | Reached XP level 5. HP: 30/45 MP: 4/4
  1909 | D:3      | Reached skill level 7 in Polearms
  1943 | D:3      | Reached XP level 6. HP: 30/51 MP: 5/5
  2283 | D:3      | Found an iron altar of Okawaru.
  2285 | D:3      | Found a bloodstained altar of Trog.
  2285 | D:3      | Found a burning altar of Makhleb.
  2299 | D:3      | Found a hazy altar of Hepliaklqana.
  2299 | D:3      | Found an ornate altar of the Wu Jian Council.
  2299 | D:3      | Found a shimmering altar of Xom.
  2569 | D:3      | Found a shimmering altar of Xom.
  2637 | D:4      | Reached skill level 8 in Polearms
  2683 | D:4      | Found an iron altar of Okawaru.
  2695 | D:4      | Became a worshipper of Warmaster Okawaru
  3864 | D:5      | Entered Level 5 of the Dungeon
  4034 | D:5      | Found an opulent altar of Gozag.
  4082 | D:5      | Noticed an ice beast
  4104 | D:5      | Killed an ice beast
  4105 | D:5      | Reached skill level 9 in Polearms
  4131 | D:5      | Reached XP level 7. HP: 45/57 MP: 6/6
  4209 | D:5      | Reached * piety under Okawaru
  4437 | D:5      | Noticed Edmund
  4443 | D:5      | Reached skill level 10 in Polearms
  4453 | D:5      | Killed Edmund
  5003 | D:6      | Reached skill level 11 in Polearms
  5016 | D:6      | Reached XP level 8. HP: 51/64 MP: 7/7
  5158 | D:6      | Reached ** piety under Okawaru
  5269 | D:6      | Reached skill level 12 in Polearms
  5949 | D:7      | Reached skill level 13 in Polearms
  6078 | D:7      | Got a pair of transparent boots
  6084 | D:7      | Identified the +0 pair of boots of Tuiphile {*Drain rElec
                  | rPois} (You found it on level 7 of the Dungeon)
  6206 | D:7      | Noticed Joseph
  6217 | D:7      | Reached XP level 9. HP: 56/70 MP: 8/8
  6223 | D:7      | Found a staircase to the Ecumenical Temple.
  6232 | Temple   | Entered the Ecumenical Temple
  6349 | D:7      | Killed Joseph
  6349 | D:7      | Reached *** piety under Okawaru
  6350 | D:7      | Reached skill level 14 in Polearms
  6667 | D:7      | Found a staircase to the Lair.
  6667 | D:7      | Noticed a komodo dragon
  6697 | D:7      | HP: 2/70 [komodo dragon (27)]
  6908 | Lair:1   | Entered Level 1 of the Lair of Beasts
  6911 | Lair:1   | Noticed a komodo dragon
  6922 | Lair:1   | Gained mutation: You expend magic power (3 MP) to
                  | strengthen your wands. [potion of mutation]
  6922 | Lair:1   | Gained mutation: You have an increased reservoir of magic.
                  | (+10% MP) [potion of mutation]
  6922 | Lair:1   | Gained mutation: You have sharp toenails. [potion of
                  | mutation]
  6943 | Lair:1   | Noticed a cane toad
  6996 | Lair:1   | HP: 3/70 [hippogriff (5)]
  6999 | Lair:1   | Slain by a hippogriff

Skill      XL: |  1  2  3  4  5  6  7  8  9 |
---------------+----------------------------+-----
Polearms       | 3 4 5 6 7 9 11 13 14 | 14.4
Fighting       | |  3.6
Armour         | |  3.6
Shields        | |  3.6

Action                   |  1- 3 |  4- 6 |  7- 9 || total
-------------------------+-------+-------+-------++-------
Melee: Trident           |   113 |   180 |   290 ||   583
       Headbutt          |    10 |    20 |    63 ||    93
Invok: Heroism           |       |       |     1 ||     1
  Use: Scroll            |     1 |       |     5 ||     6
       Potion            |       |     4 |    10 ||    14
  Eat: Chunk             |     5 |    11 |    13 ||    29
       Ration            |       |       |     1 ||     1
Armor: Scale mail        |    17 |       |       ||    17
       Chain mail        |    18 |    71 |    95 ||   184
Dodge: Dodged            |    14 |    14 |    19 ||    47
Block: Medium shield     |    34 |    78 |    92 ||   204
